 Dungeon Crawl Stone Soup version 0.18.1-48-g4cf74bf (webtiles) character file.

2379 Joat the Thaumaturge (level 9, -2/45 HPs)
             Began as a Deep Elf Wizard on July 30, 2016.
             Was an Initiate of Sif Muna.
             Slain by Duvessa
             ... wielding a +0 short sword
              (11 damage)
             ... on level 7 of the Dungeon.
             The game lasted 01:51:06 (10234 turns).

Joat the Thaumaturge (Deep Elf Wizard)             Turns: 10234, Time: 01:51:07

Health: -2/45      AC:  5    Str:  4    XL:     9   Next: 22%
Magic:  0/25       EV: 12    Int: 27    God:    Sif Muna [......]
Gold:   298        SH:  0    Dex: 13    Spells: 5 memorised, 17 levels left

rFire  . . .     SeeInvis .     a - +0 dagger (venom)
rCold  . . .     Gourm    .     g - +0 robe
rNeg   . . .     Faith    .     (no shield)
rPois  .         Spirit   .     K - +0 hat
rElec  .         Dismiss  .     (no cloak)
rCorr  .         Reflect  .     T - +1 pair of gloves
SustAt .         Harm     .     s - +0 pair of boots
MR     .....                    (no amulet)
Stlth  ++........               (no ring)
                                (no ring)

@: about to teleport, not resistant to hostile enchantments, unstealthy
A: no striking features
a: Renounce Religion


You were on level 7 of the Dungeon.
You worshipped Sif Muna.
Sif Muna was noncommittal.
You were not hungry.

You visited 2 branches of the dungeon, and saw 8 of its levels.

You collected 298 gold pieces.

Inventory:

Hand Weapons
 a - a +0 dagger of venom (weapon)
 b - a +0 shortbow
 m - a +0 short sword
 p - a +0 hunting sling
Missiles
 l - 168 stones
 y - 124 arrows
 z - 25 bolts
 B - 5 tomahawks
 D - 14 poisoned needles
 L - 38 sling bullets
 N - a throwing net (quivered)
 X - 3 tomahawks of returning
Armour
 g - a +0 robe (worn)
 k - a +0 shield
 s - a +0 pair of boots (worn)
 t - a +0 pair of gloves
 K - a +0 hat (worn)
 T - a +1 pair of gloves (worn)
Jewellery
 R - the ring of Kaomm {*Tele +Fly Dex+2}
   (You found it on level 7 of the Dungeon)

   [ring of teleportation]

   It may teleport you next to monsters.
   It affects your dexterity (+2).
   It lets you fly.
Wands
 H - a wand of polymorph (18/24)
Scrolls
 i - 5 scrolls of identify
 n - 10 scrolls of remove curse
 o - 2 scrolls of amnesia {unknown}
 q - 4 scrolls of teleportation
 r - a scroll of immolation {unknown}
 v - 3 scrolls of magic mapping
 x - a scroll of noise {unknown}
 E - a scroll of enchant weapon {unknown}
 I - a scroll of random uselessness {unknown}
 M - a scroll of fear {unknown}
 P - 2 scrolls of blinking {unknown}
 Q - a scroll of vulnerability {unknown}
 W - a scroll of enchant armour {unknown}
Potions
 e - 2 potions of agility {unknown}
 f - 2 potions of heal wounds {unknown}
 h - 2 potions of curing
 j - a potion of mutation {unknown}
 u - a potion of berserk rage {unknown}
 w - 2 potions of haste {unknown}
 A - a potion of cancellation {unknown}
 C - a potion of invisibility {unknown}
 F - 2 potions of cure mutation {unknown}
 G - a potion of magic {unknown}
 J - a potion of lignification {unknown}
 V - a potion of brilliance {unknown}
 Y - a potion of might {unknown}
Books
 c - a book of Minor Magic

   Spells                             Type                      Level
   a - Magic Dart                     Conjuration                  1
   b - Blink                          Translocation                2
   c - Call Imp                       Summoning                    2
   d - Repel Missiles                 Charms/Air                   2
   e - Slow                           Hexes                        2
   f - Conjure Flame                  Conjuration/Fire             3
   g - Mephitic Cloud                 Conjuration/Poison/Air       3
 O - a book of the Dragon

   Spells                             Type                      Level
   a - Flame Tongue                   Conjuration/Fire             1
   b - Cause Fear                     Hexes                        4
   c - Bolt of Fire                   Conjuration/Fire             6
   d - Dragon Form                    Transmutation                7
   e - Dragon's Call                  Summoning                    9
 S - a book of Debilitation

   Spells                             Type                      Level
   a - Corona                         Hexes                        1
   b - Slow                           Hexes                        2
   c - Gell's Gravitas                Hexes/Translocation          3
   d - Inner Flame                    Hexes/Fire                   3
   e - Cause Fear                     Hexes                        4
   f - Leda's Liquefaction            Hexes/Earth                  4
Comestibles
 d - 6 bread rations
 U - a royal jelly
 Z - a slice of pizza


   Skills:
 - Level 2.4 Dodging
 - Level 2.4 Stealth
 - Level 10.2 Spellcasting
 + Level 5.4 Conjurations
 - Level 3.3 Charms
   Level 1.1 Summonings
 - Level 2.7 Translocations
 - Level 6.5 Fire Magic
 - Level 3.0 Air Magic
 - Level 4.3 Poison Magic


You had 17 spell levels left.
You knew the following spells:

 Your Spells              Type           Power        Failure   Level  Hunger
a - Magic Dart            Conj           ####         1%          1    None
b - Blink                 Tloc           N/A          1%          2    None
c - Mephitic Cloud        Conj/Pois/Air  #####...     2%          3    None
d - Conjure Flame         Conj/Fire      #####...     1%          3    None
e - Repel Missiles        Chrm/Air       ####..       1%          2    None


Dungeon Overview and Level Annotations

Branches:
Dungeon (7/15)             Temple (1/1) D:7

Altars:
Ashenzari
Dithmenos
Elyvilon
Fedhas
Gozag
Makhleb
Nemelex Xobeh
Okawaru
Pakellas
Qazlal
Ru
Sif Muna
Trog
Vehumet
Xom
Yredelemnul
Zin
The Shining One

Shops:
D:4 **

Annotations:
D:5 1 exclusion
D:7 Duvessa


Message History

Confirm with . or Enter, or press ? or * to list all spells.
You blink.
You are engulfed in roaring flames.
Casting: Blink
Confirm with . or Enter, or press ? or * to list all spells.
Aiming: Magic Dart
Press: ? - help, Shift-Dir - straight line, f - Duvessa
Aim: Duvessa, wielding a short sword, wearing a runed chain mail and carrying a wand of polymorph {zapped: 5} (severely wounded, berserk, fast, unusually strong, poisoned)
The magic dart hits Duvessa.
Duvessa is severely wounded.
Duvessa is engulfed in roaring flames.
Duvessa misses you. Duvessa hits you with a short sword!
* * * LOW HITPOINT WARNING * * *
Casting: Magic Dart
Confirm with . or Enter, or press ? or * to list all spells.
You blink.
Duvessa rages.
Read which item? (? for menu, Esc to quit)
As you read the scroll of teleportation, it crumbles to dust.
You feel strangely unstable. Duvessa hits you with a short sword!
You die...

#.. ### ## .. ## # #
#..######### #
#........e@# #
#.########ยง##########.#
# #.....)........ #
#..#########..# #..#
#..# #..## ####..#.###
#...#####..........
#......##.##... ..


You could see Duvessa (berserk).

Vanquished Creatures
  A yak (D:6)
  A shadow (D:6)
  Menkaure (D:5)
  An orc warrior (D:6)
  2 centaurs
  An ice beast (D:6)
  A phantom (D:4)
  A necrophage (D:6)
  5 ogres
  4 giant frogs
  Dowan (D:7)
  2 scorpions (D:5)
  A centaur zombie (D:5)
  6 crimson imps
  A giant frog zombie (D:6)
  An orc priest (D:6)
  An iguana (D:4)
  3 worker ants
  A howler monkey zombie (D:6)
  A howler monkey skeleton (D:4)
  3 gnolls (D:5)
  8 adders
  A shadow imp (D:5)
  3 oozes
  An adder skeleton (D:5)
  4 worms
  2 dart slugs
  3 giant geckos
  8 orcs
  5 giant cockroaches
  10 hobgoblins
  2 jackals (D:5)
  7 kobolds
  5 quokkas
  8 bats
  A giant gecko skeleton (D:4)
  4 giant newts
  4 goblins
  2 jackal zombies
  A quokka skeleton (D:4)
  7 rats
125 creatures vanquished.

Vanquished Creatures (others)
  An orange crystal statue (D:5)
1 creature vanquished.

Grand Total: 126 creatures vanquished

Notes
Turn   | Place    | Note
--------------------------------------------------------------
     0 | D:1      | Joat the Deep Elf Wizard began the quest for the Orb.
     0 | D:1      | Reached XP level 1. HP: 10/10 MP: 7/7
   214 | D:1      | Reached XP level 2. HP: 15/15 MP: 6/9
   218 | D:1      | Learned a level 2 spell: Blink
  1328 | D:2      | Reached XP level 3. HP: 19/19 MP: 4/10
  1748 | D:2      | Learned a level 3 spell: Mephitic Cloud
  1752 | D:2      | Learned a level 3 spell: Conjure Flame
  1940 | D:2      | You fall through a shaft!
  2086 | D:3      | Reached XP level 4. HP: 24/24 MP: 9/12
  2608 | D:3      | Learned a level 2 spell: Repel Missiles
  2929 | D:4      | Noticed an ogre
  2954 | D:4      | Killed an ogre
  2954 | D:4      | Reached XP level 5. HP: 28/28 MP: 0/13
  3125 | D:4      | Reached skill level 1 in Fire Magic
  3528 | D:4      | Noticed an ogre
  3535 | D:4      | Killed an ogre
  3535 | D:4      | Reached XP level 6. HP: 32/32 MP: 4/14
  3755 | D:4      | Found Goudaq's Assorted Antiques.
  3817 | D:4      | Found Zin's Purification Station.
  3829 | D:4      | Found a glowing silver altar of Zin.
  4346 | D:4      | Reached XP level 7. HP: 36/36 MP: 4/15
  4713 | D:4      | Found a blossoming altar of Fedhas.
  5197 | D:5      | Entered Level 5 of the Dungeon
  5413 | D:5      | Reached skill level 5 in Spellcasting
  5759 | D:5      | Found an oddly glowing altar of Pakellas.
  5759 | D:5      | Noticed an orange crystal statue
  5779 | D:5      | Killed an orange crystal statue
  5890 | D:5      | Noticed Menkaure
  5933 | D:5      | Killed Menkaure
  5933 | D:5      | Reached skill level 6 in Spellcasting
  6010 | D:5      | Found a white marble altar of Elyvilon.
  6054 | D:5      | Reached skill level 7 in Spellcasting
  6093 | D:5      | Reached XP level 8. HP: 15/41 MP: 7/21
  6572 | D:5      | Found a sacrificial altar of Ru.
  6572 | D:5      | Found a radiant altar of Vehumet.
  6572 | D:5      | Found a shadowy altar of Dithmenos.
  6949 | D:6      | Reached skill level 8 in Spellcasting
  7210 | D:6      | Reached skill level 9 in Spellcasting
  7574 | D:6      | Reached skill level 10 in Spellcasting
  8244 | D:6      | Noticed a cyclops
  8261 | D:6      | Reached skill level 5 in Fire Magic
  9033 | D:6      | Reached XP level 9. HP: 45/45 MP: 5/25
  9515 | D:7      | Reached skill level 5 in Conjurations
  9682 | D:7      | Found a staircase to the Ecumenical Temple.
  9691 | Temple   | Entered the Ecumenical Temple
 10107 | Temple   | Became a worshipper of Sif Muna the Loreminder
 10146 | D:7      | Got a faintly glowing marble ring
 10147 | D:7      | Identified the ring of Kaomm {*Tele +Fly Dex+2} (You found it on level 7 of the Dungeon)
 10190 | D:7      | Noticed Duvessa
 10190 | D:7      | Noticed Dowan
 10221 | D:7      | Killed Dowan
 10234 | D:7      | Slain by Duvessa

Skill      XL: |  1  2  3  4  5  6  7  8  9 |
---------------+----------------------------+-----
Conjurations   | 2 3 4 5 |  5.4
Poison Magic   | 3 4 |  4.3
Fire Magic     | 2 3 6 |  6.5
Air Magic      | 2 3 |  3.0
Translocations | 2 |  2.7
Charms         | 3 |  3.3
Spellcasting   | 7 10 | 10.2
Dodging        | |  2.4
Stealth        | |  2.4
Summonings     | |  1.1

Action                   |  1- 3 |  4- 6 |  7- 9 || total
-------------------------+-------+-------+-------++-------
Melee: Short sword       |     1 |       |       ||     1
       Dagger            |       |     6 |    12 ||    18
Throw: Stone             |       |     4 |       ||     4
 Cast: Magic Dart        |    89 |   110 |   343 ||   542
       Mephitic Cloud    |       |     5 |     1 ||     6
       Repel Missiles    |       |     1 |       ||     1
       Blink             |       |     2 |    12 ||    14
       Conjure Flame     |       |       |    25 ||    25
  Use: Scroll            |       |       |     6 ||     6
       Potion            |       |       |     1 ||     1
 Stab: Sleeping          |     1 |       |       ||     1
  Eat: Chunk             |     3 |     4 |     7 ||    14
       Meat ration       |       |     1 |     1 ||     2
       Fruit             |       |       |     3 ||     3
       Pizza             |       |       |     1 ||     1
Armor: Robe              |     2 |     8 |    20 ||    30
Dodge: Dodged            |     7 |    19 |    63 ||    89
       Deflected         |       |       |     2 ||     2
